 Dungeon Crawl Stone Soup version 0.22-a0-379-ga9d99d62ad (webtiles) character file.

22 D1HalberdGnoll the Grave Robber (level 2, -4/27 HPs)
             Began as an Ogre Necromancer on Apr 28, 2018.
             Slain by a quokka (5 damage)
             ... on level 1 of the Dungeon.
             The game lasted 00:01:25 (961 turns).

D1HalberdGnoll the Grave Robber (Ogre Necromancer)   Turns: 961, Time: 00:01:25

Health: -4/27      AC:  3    Str: 11    XL:     2   Next: 91%
Magic:  0/5        EV: 10    Int: 16    God:
Gold:   15         SH:  0    Dex:  9    Spells: 4/6 levels left

rFire    . . .     SeeInvis .   i - +0 whip
rCold    . . .     Gourm    .   (no shield)
rNeg     . . .     Faith    .   e - +0 robe
rPois    .         Spirit   .   (helmet restricted)
rElec    .         Reflect  .   (no cloak)
rCorr    .         Harm     .   (gloves unavailable)
MR       .....                  (boots unavailable)
Stlth    +.........             (no amulet)
HPRegen  0.09/turn              (no ring)
MPRegen  0.09/turn              (no ring)

@: no status effects
A: large, unfitting armour, tough skin 1
a: no special abilities


You were on level 1 of the Dungeon.
You were hungry.

You visited 1 branch of the dungeon, and saw 2 of its levels.

You collected 15 gold pieces.

Inventory:

Hand Weapons
 i - a +0 whip (weapon)
Armour
 e - a +0 robe (worn)
Scrolls
 b - a scroll of identify {unknown}
 d - a scroll of remove curse {unknown}
 g - 2 scrolls of fog {unknown}
Potions
 f - a potion of resistance {unknown}
 h - a potion of haste {unknown}
Comestibles
 c - 2 rations


   Skills:
 + Level 1.2 Fighting
 + Level 2.0 Dodging
 - Level 1.4 Stealth
 + Level 2.7 Spellcasting
 * Level 3.9 Necromancy


You had 4 spell levels left.
You knew the following spells:

 Your Spells              Type           Power        Failure   Level  Hunger
a - Pain                  Necr           ##..         3%          1    #......
b - Animate Skeleton      Necr           N/A          3%          1    #......


Dungeon Overview and Level Annotations

Branches:
Dungeon (2/15)

Altars:


Innate Abilities, Weirdness & Mutations

You are too large for most types of armour.
You have tough skin. (AC +1)


Message History

Aim: a quokka (heavily wounded, chance to defeat MR: 85%)
The quokka writhes in agony!
The quokka closely misses you.
You closely miss the quokka.
The quokka is almost dead.
The quokka barely misses you. The quokka bites you.
* * * LOW HITPOINT WARNING * * *
You closely miss the quokka.
The quokka is almost dead.
The quokka bites you.
* * * LOW HITPOINT WARNING * * *
You hit the quokka but do no damage.
The quokka is almost dead.
The quokka bites you.
* * * LOW HITPOINT WARNING * * *
You miss the quokka.
The quokka is almost dead.
The quokka bites you.
* * * LOW HITPOINT WARNING * * *
The quokka bites you.
You die...

..8#....Z..# #######...####.# ##
..########.# ##...###...##8#.# #.
..##8###8#.###.....##........# #.
...................#8........# #.
⌠..........##......##........###.
...........##......###8###8#.[.#.
..##8###8#####.....###########...
..#### #### ##..................
..8# #..# ##@##...###.####...
..## ##.# ###r#8...8##.# ###.
..#######.####.>.##...###.# #.
..##....#...##..)##...# #.# #.
..8#.............##.[.###.## ###.
..##....#...###..#⌠...⌠##..###...
..####...........##...##.........
....Z......##....##...##.........
#..........##....##...##...##....


You could see a quokka.

Vanquished Creatures
  A leopard gecko (D:1)
  3 goblins (D:1)
  3 hobgoblins (D:1)
  5 jackals (D:1)
  A kobold (D:1)
  6 rats (D:1)
19 creatures vanquished.

Vanquished Creatures (collateral kills)
  A bat (D:1)
1 creature vanquished.

Grand Total: 20 creatures vanquished

Notes
Turn   | Place    | Note
-------+----------+-------------------------------------------
     0 | D:1      | D1HalberdGnoll the Ogre Necromancer began the quest for the Orb.
     0 | D:1      | Reached XP level 1. HP: 16/16 MP: 3/3
   135 | D:1      | Learned a level 1 spell: Animate Skeleton
   192 | D:1      | Reached XP level 2. HP: 26/26 MP: 3/5
   340 | D:1      | Reached skill level 1 in Fighting
   961 | D:1      | HP: 1/27 [quokka (3)]
   961 | D:1      | Slain by a quokka

Vault maps used:
D:1:      enne_arrival_octagon_isle, serial_corexii_hall,
          corexii_hall_statues_x, corexii_hall_statues_u,
          corexii_hall_statues_i, corexii_hall_statues_u
D:2:      lemuel_round_altar, minmay_misc_feat_four_crosses, corner_web_ring,
          uniq_sigmund, uniq_robin

Skill      XL: |  1  2 |
---------------+-------+-----
Fighting       | 1 |  1.2
Dodging        | 2 |  2.0
Stealth        | |  1.4
Spellcasting   | |  2.7
Necromancy     | |  3.9

Action                   || total
-------------------------++-------
Melee: Whip              ||    30
       Club              ||     1
 Cast: Pain              ||    28
       Animate Skeleton  ||     4
Armor: Robe              ||    16
Dodge: Dodged            ||    56

Table legend:
 A = Spawn XP
 B = Non-spawn XP
 C = Spawn XP percentage of total XP
 D = Spawn monster count
 E = Non-spawn monster count
 F = Spawn count percentage of total count
 G = Total turns spent on level
                    A         B        C        D         E        F      G
               +---------+---------+-------+---------+---------+-------+---------
         Total |       0 |      32 |   0.0 |       0 |      20 |   0.0 |   961
               +---------+---------+-------+---------+---------+-------+---------
           D:1 |       0 |      32 |   0.0 |       0 |      20 |   0.0 |   953
               +---------+---------+-------+---------+---------+-------+---------
